TOP OF THE 1ST |
Portland Angels batting - Pitching for Calgary Flames : RHP Sam Barbuto
|
Pitching: RHP Sam Barbuto
|
|
Batting: RHB Fernando Sosa
|
0-0: Called Strike 0-1: Fly out, F3 (Popup, 3F, EV 73.8 MPH)
|
Batting: SHB Yuya Hirata
|
0-0: Ball 1-0: Swinging Strike 1-1: Swinging Strike 1-2: Ball 2-2: Foul Ball, location: 2F 2-2: Strikes out looking
|
Batting: LHB Ramon Garduno
|
0-0: Ball 1-0: Foul Ball, location: 2F 1-1: Foul Ball, location: 2F 1-2: Foul Ball, location: 2F 1-2: Strikes out swinging
|
Top of the 1st over - 0 runs, 0 hits, 0 errors, 0 left on base; Portland 0 - Calgary 0 |
BOTTOM OF THE 1ST |
Calgary Flames batting - Pitching for Portland Angels : RHP George Leroux
|
Pitching: RHP George Leroux
|
|
Batting: RHB Elias Vences
|
0-0: Ball 1-0: Ground out 5-3 (Groundball, 56, EV 92.5 MPH)
|
Batting: RHB Norinaga Yamakawakamatsu
|
0-0: SINGLE (Groundball, 6MD, EV 104.4 MPH)
|
Batting: LHB Gary Corrales
|
0-0: Ball Wild Pitch! Norinaga Yamakawakamatsu to second 1-0: Called Strike 1-1: Foul Ball, location: 2F 1-2: Foul Ball, location: 2F 1-2: Ball 2-2: Ball 3-2: Fly out, F5 (Popup, 5S, EV 73.8 MPH)
|
Batting: RHB Willie Torres
|
0-0: Ball 1-0: Foul Ball, location: 2F 1-1: SINGLE (Groundball, 6D, EV 106.9 MPH) Norinaga Yamakawakamatsu to third Runner from 3rd tries for Home, SAFE, throw by CF to home Willie Torres to second
|
Batting: LHB Bruce Daley
|
0-0: Fly out, F9 (Flyball, 9D, EV 106.9 MPH)
|
Bottom of the 1st over - 1 run, 2 hits, 0 errors, 1 left on base; Portland 0 - Calgary 1 |
TOP OF THE 2ND |
Portland Angels batting - Pitching for Calgary Flames : RHP Sam Barbuto
|
Batting: RHB Alex Rosaly
|
0-0: Foul Ball, location: 2F 0-1: Swinging Strike 0-2: Ball 1-2: Strikes out swinging
|
Batting: RHB Arnaud Derosiers
|
0-0: Ball 1-0: Foul Ball, location: 2F 1-1: Called Strike 1-2: Ball 2-2: Ball 3-2: Foul Ball, location: 2F 3-2: Foul Ball, location: 2F 3-2: Base on Balls
|
Batting: RHB Carlos Gonzales
|
0-0: Fly out, F8 (Flyball, 8LD, EV 103.1 MPH)
|
Batting: RHB Mario Martinez
|
0-0: Ball 1-0: Called Strike 1-1: Called Strike 1-2: Strikes out looking
|
Top of the 2nd over - 0 runs, 0 hits, 0 errors, 1 left on base; Portland 0 - Calgary 1 |
BOTTOM OF THE 2ND |
Calgary Flames batting - Pitching for Portland Angels : RHP George Leroux
|
Batting: RHB Rod Johnson
|
0-0: Ball 1-0: Ball 2-0: Foul Ball, location: 2F 2-1: Called Strike 2-2: Foul Ball, location: 2F 2-2: Ball 3-2: Foul Ball, location: 2F 3-2: Ground out 5-3 (Groundball, 56S, EV 69.4 MPH)
|
Batting: RHB Tyler Johnson
|
0-0: Ball 1-0: Ground out 4-3 (Groundball, 4M, EV 98.1 MPH)
|
Batting: RHB Juan Mercado
|
0-0: Ball 1-0: Ball 2-0: Fly out, F7 (Flyball, 7D, EV 109.4 MPH)
|
Bottom of the 2nd over - 0 runs, 0 hits, 0 errors, 0 left on base; Portland 0 - Calgary 1 |
TOP OF THE 3RD |
Portland Angels batting - Pitching for Calgary Flames : RHP Sam Barbuto
|
Batting: LHB Kevin Feldman
|
0-0: Ball 1-0: Ball 2-0: Called Strike 2-1: Ball 3-1: Base on Balls
|
Batting: LHB David Coatney
|
0-0: Called Strike 0-1: Swinging Strike 0-2: Foul Ball, location: 2F 0-2: Strikes out swinging
|
Batting: RHB Fernando Sosa
|
0-0: SINGLE (Groundball, 4M, EV 105.6 MPH) (infield hit) Kevin Feldman to second
|
Batting: SHB Yuya Hirata
|
0-0: Swinging Strike 0-1: Fly out, F7 (Flyball, 7D, EV 104.4 MPH) Runner from 2nd tags up, SAFE at 3rd, no throw by LF
|
Batting: LHB Ramon Garduno
|
0-0: Called Strike 0-1: Fly out, F5 (Popup, 56S, EV 75.0 MPH)
|
Top of the 3rd over - 0 runs, 1 hit, 0 errors, 2 left on base; Portland 0 - Calgary 1 |
BOTTOM OF THE 3RD |
Calgary Flames batting - Pitching for Portland Angels : RHP George Leroux
|
Batting: RHB Pablo Henriquez
|
0-0: Ball 1-0: Foul Ball, location: 2F 1-1: Ball 2-1: Called Strike 2-2: Strikes out looking
|
Batting: RHB Elias Vences
|
0-0: Ball 1-0: Ball 2-0: Swinging Strike 2-1: Ball 3-1: Base on Balls
|
Batting: RHB Norinaga Yamakawakamatsu
|
0-0: Fielders Choice at 2nd, 1-6 (Groundball, 34S, EV 76.2 MPH)
|
Batting: LHB Gary Corrales
|
0-0: Foul Ball, location: 2F 0-1: Ball 1-1: Ground out 4-3 (Groundball, 4, EV 88.1 MPH)
|
Bottom of the 3rd over - 0 runs, 0 hits, 0 errors, 1 left on base; Portland 0 - Calgary 1 |
TOP OF THE 4TH |
Portland Angels batting - Pitching for Calgary Flames : RHP Sam Barbuto
|
Batting: RHB Alex Rosaly
|
0-0: Foul Ball, location: 2F 0-1: Ground out 5-3 (Groundball, 56S, EV 71.2 MPH)
|
Batting: RHB Arnaud Derosiers
|
0-0: Ball 1-0: Called Strike 1-1: Ball 2-1: Ground out 4-3 (Groundball, 4S, EV 84.4 MPH)
|
Batting: RHB Carlos Gonzales
|
0-0: Foul Ball, location: 2F 0-1: Ground out U3 (Groundball, 3, EV 82.5 MPH)
|
Top of the 4th over - 0 runs, 0 hits, 0 errors, 0 left on base; Portland 0 - Calgary 1 |
BOTTOM OF THE 4TH |
Calgary Flames batting - Pitching for Portland Angels : RHP George Leroux
|
Batting: RHB Willie Torres
|
0-0: Swinging Strike 0-1: Swinging Strike 0-2: Strikes out swinging
|
Batting: LHB Bruce Daley
|
0-0: Ball 1-0: Called Strike 1-1: Ball 2-1: Foul Ball, location: 2F 2-2: Fly out, F8 (Flyball, 8RD, EV 93.1 MPH)
|
Batting: RHB Rod Johnson
|
0-0: Called Strike 0-1: Ball 1-1: Ball 2-1: Swinging Strike 2-2: Strikes out swinging
|
Bottom of the 4th over - 0 runs, 0 hits, 0 errors, 0 left on base; Portland 0 - Calgary 1 |
TOP OF THE 5TH |
Portland Angels batting - Pitching for Calgary Flames : RHP Sam Barbuto
|
Batting: RHB Mario Martinez
|
0-0: Ball 1-0: Foul Ball, location: 2F 1-1: Foul Ball, location: 2F 1-2: Foul Ball, location: 2F 1-2: Ball 2-2: Strikes out swinging
|
Batting: LHB Kevin Feldman
|
0-0: Ball 1-0: Ground out 1-3 (Groundball, 13S, EV 62.5 MPH)
|
Batting: LHB David Coatney
|
0-0: Ball 1-0: Called Strike 1-1: Ball 2-1: Foul Ball, location: 2F 2-2: Ball 3-2: Strikes out swinging
|
Top of the 5th over - 0 runs, 0 hits, 0 errors, 0 left on base; Portland 0 - Calgary 1 |
BOTTOM OF THE 5TH |
Calgary Flames batting - Pitching for Portland Angels : RHP George Leroux
|
Batting: RHB Tyler Johnson
|
0-0: Called Strike 0-1: Ground out 6-3 (Groundball, 6, EV 98.8 MPH)
|
Batting: RHB Juan Mercado
|
0-0: Swinging Strike 0-1: Foul Ball, location: 2F 0-2: Foul Ball, location: 2F 0-2: Strikes out swinging
|
Batting: RHB Pablo Henriquez
|
0-0: Foul Ball, location: 2F 0-1: Foul Ball, location: 2F 0-2: Ball 1-2: Fly out, F9 (Flyball, 9, EV 89.4 MPH)
|
Bottom of the 5th over - 0 runs, 0 hits, 0 errors, 0 left on base; Portland 0 - Calgary 1 |
TOP OF THE 6TH |
Portland Angels batting - Pitching for Calgary Flames : RHP Sam Barbuto
|
Batting: RHB Fernando Sosa
|
0-0: Foul Ball, location: 2F 0-1: Swinging Strike 0-2: Foul Ball, location: 2F 0-2: Ball 1-2: Ball 2-2: Ball 3-2: Base on Balls
|
Batting: SHB Yuya Hirata
|
0-0: Ball 1-0: Ball 2-0: Called Strike 2-1: Ball 3-1: Fly out, F7 (Flyball, 7, EV 81.2 MPH)
|
Batting: LHB Ramon Garduno
|
0-0: Ball 1-0: Foul Ball, location: 2F 1-1: Called Strike 1-2: Strikes out looking
|
Batting: RHB Alex Rosaly
|
0-0: Ball 1-0: Called Strike 1-1: DOUBLE (Line Drive, 8RXD, EV 112.5 MPH) Fernando Sosa to third Runner from 3rd tries for Home, SAFE, throw by CF to trailing runner, SAFE at third!
|
Batting: RHB Arnaud Derosiers
|
0-0: Fly out, F8 (Flyball, 8RM, EV 85.0 MPH)
|
Top of the 6th over - 1 run, 1 hit, 0 errors, 1 left on base; Portland 1 - Calgary 1 |
BOTTOM OF THE 6TH |
Calgary Flames batting - Pitching for Portland Angels : RHP George Leroux
|
Batting: RHB Elias Vences
|
0-0: Called Strike 0-1: Foul Ball, location: 2F 0-2: Ball 1-2: Ball 2-2: Strikes out looking
|
Batting: RHB Norinaga Yamakawakamatsu
|
0-0: Called Strike 0-1: Called Strike 0-2: Ball 1-2: Ball 2-2: Ground out 4-3 (Groundball, 4D, EV 107.5 MPH)
|
Batting: LHB Gary Corrales
|
0-0: Foul Ball, location: 2F 0-1: Ball 1-1: Ball 2-1: Ball 3-1: Foul Ball, location: 2F 3-2: Foul Ball, location: 2F 3-2: Base on Balls
|
Pitching: RHP Austin Raymond
|
|
Batting: RHB Willie Torres
|
0-0: Ball 1-0: Called Strike 1-1: Called Strike 1-2: Strikes out swinging
|
Bottom of the 6th over - 0 runs, 0 hits, 0 errors, 1 left on base; Portland 1 - Calgary 1 |
TOP OF THE 7TH |
Portland Angels batting - Pitching for Calgary Flames : RHP Sam Barbuto
|
Batting: RHB Carlos Gonzales
|
0-0: Called Strike 0-1: Swinging Strike 0-2: Strikes out swinging
|
Batting: RHB Mario Martinez
|
0-0: Called Strike 0-1: Called Strike 0-2: Fly out, F3 (Popup, 3SF, EV 70.0 MPH)
|
Batting: LHB Kevin Feldman
|
0-0: Called Strike 0-1: Ground out 5-3 (Groundball, 56, EV 83.8 MPH)
|
Top of the 7th over - 0 runs, 0 hits, 0 errors, 0 left on base; Portland 1 - Calgary 1 |
BOTTOM OF THE 7TH |
Calgary Flames batting - Pitching for Portland Angels : RHP Austin Raymond
|
Batting: LHB Bruce Daley
|
0-0: Ball 1-0: Called Strike 1-1: Ball 2-1: Ball 3-1: Fly out, F9 (Flyball, 89S, EV 85.0 MPH)
|
Batting: RHB Rod Johnson
|
0-0: Fly out, F7 (Line Drive, 7S, EV 91.2 MPH)
|
Batting: RHB Tyler Johnson
|
0-0: Called Strike 0-1: Swinging Strike 0-2: Ball 1-2: Ball 2-2: Ball 3-2: Foul Ball, location: 2F 3-2: Strikes out swinging
|
Bottom of the 7th over - 0 runs, 0 hits, 0 errors, 0 left on base; Portland 1 - Calgary 1 |
TOP OF THE 8TH |
Portland Angels batting - Pitching for Calgary Flames : RHP Sam Barbuto
|
Batting: LHB David Coatney
|
0-0: Called Strike 0-1: Ball 1-1: Called Strike 1-2: Ball 2-2: Strikes out swinging
|
Pitching: LHP Cory Watson
|
|
Batting: RHB Fernando Sosa
|
0-0: Ball 1-0: Ball 2-0: Called Strike 2-1: Called Strike 2-2: Strikes out looking
|
Batting: SHB Yuya Hirata
|
0-0: Ball 1-0: Foul Ball, location: 2F 1-1: Swinging Strike 1-2: Ball 2-2: Strikes out swinging
|
Top of the 8th over - 0 runs, 0 hits, 0 errors, 0 left on base; Portland 1 - Calgary 1 |
BOTTOM OF THE 8TH |
Calgary Flames batting - Pitching for Portland Angels : RHP Austin Raymond
|
Batting: RHB Juan Mercado
|
0-0: Called Strike 0-1: Foul Ball, location: 2F 0-2: Strikes out swinging
|
Batting: RHB Pablo Henriquez
|
0-0: Ball 1-0: Ball 2-0: Swinging Strike 2-1: Swinging Strike 2-2: Strikes out swinging
|
Batting: RHB Elias Vences
|
0-0: Ball 1-0: Ball 2-0: Ball 3-0: Called Strike 3-1: Foul Ball, location: 2F 3-2: Reached on error, E6 (Groundball, 6, EV 79.4 MPH)
|
Batting: RHB Norinaga Yamakawakamatsu
|
0-0: Ball Wild Pitch! Elias Vences to third 1-0: Ball 2-0: SINGLE (Line Drive, 34D, EV 94.4 MPH) Elias Vences scores
|
Batting: LHB Gary Corrales
|
0-0: Called Strike 0-1: Fly out, F9 (Flyball, 9S, EV 81.2 MPH)
|
Bottom of the 8th over - 1 run, 1 hit, 1 error, 1 left on base; Portland 1 - Calgary 2 |
TOP OF THE 9TH |
Portland Angels batting - Pitching for Calgary Flames : LHP Cory Watson
|
Pitching: LHP Trevor Lewis
|
|
Batting: LHB Ramon Garduno
|
0-0: Ground out 4-3 (Groundball, 4, EV 102.5 MPH)
|
Batting: RHB Alex Rosaly
|
0-0: Foul Ball, location: 2F 0-1: Ball 1-1: Fly out, F6 (Popup, 6D, EV 51.2 MPH)
|
Batting: RHB Arnaud Derosiers
|
0-0: Called Strike 0-1: Foul Ball, location: 2F 0-2: Foul Ball, location: 2F 0-2: Foul Ball, location: 2F 0-2: Fly out, F8 (Flyball, 8RD, EV 91.9 MPH)
|
Top of the 9th over - 0 runs, 0 hits, 0 errors, 0 left on base; Portland 1 - Calgary 2 |
|